 Dungeon Crawl Stone Soup version 0.29-a0-330-g52719c12eb (webtiles) character file.

Game seed: 10675624272787567958

99 kae the Ruffian (level 4, -3/35 HPs)
             Began as a Draconian Transmuter on May 16, 2022.
             Slain by a gnoll
             ... wielding a +0 halberd
              (6 damage)
             ... on level 2 of the Dungeon.
             The game lasted 00:02:04 (2350 turns).

kae the Ruffian (Draconian Transmuter)              Turns: 2350, Time: 00:02:05

Health: -3/35      AC:  5    Str: 11 (13) XL:     4   Next: 45%
Magic:  3/8        EV: 12    Int: 14 (15) God:
Gold:   83         SH:  0    Dex:  9 (11) Spells: 2/8 levels left

rFire   + . .      SeeInvis .     - Unarmed
rCold   + . .      Faith    .   (no shield)
rNeg    . . .      Spirit   .   (body armour unavailable)
rPois   +          Reflect  .   (helmet restricted)
rElec   +          Harm     .   (no cloak)
rCorr   +          Rampage  .   (no gloves)
Will    .....                   (no boots)
Stlth   +.........              (no amulet)
HPRegen 0.11/turn               (no ring)
MPRegen 0.11/turn               (no ring)

@: resistant, weak-willed, attractive, flying
A: AC +5, unfitting armour, cold-blooded
a: no special abilities


You were on level 2 of the Dungeon.
You visited 1 branch of the dungeon, and saw 2 of its levels.

You collected 83 gold pieces.

Inventory:

Scrolls
 d - 2 scrolls of vulnerability
 e - a scroll of amnesia {unknown}
 h - a scroll of immolation
 j - a scroll of identify {unknown}
 k - a scroll of enchant armour {unknown}
Potions
 a - a potion of lignification
 g - a potion of flight


   Skills:
 - Level 1.1 Fighting
 - Level 1.7 Dodging
 + Level 3.5 Unarmed Combat
 + Level 2.7 Spellcasting
 * Level 3.5 Transmutations
 + Level 1.0 Poison Magic


You had 2 spell levels left.
You knew the following spells:

 Your Spells              Type           Power      Damage    Failure   Level
a - Beastly Appendage     Tmut           22%        N/A       5%          1
b - Wereblood             Tmut           11%        N/A       8%          2
c - Spider Form           Tmut/Pois      8%         N/A       26%         3

Your spell library contained the following spells:

 Spells                   Type           Power      Damage    Failure   Level
 Ice Form                 Ice/Tmut       6%         N/A       71%         4


Dungeon Overview and Level Annotations

Branches:
Dungeon (2/15)

Altars:


Innate Abilities, Weirdness & Mutations

Your plain brown scales are hard. (AC +5)
You cannot fit into any form of body armour.
You are cold-blooded and may be slowed by cold attacks.


Message History

The gnoll hits you with a +0 flail.
The gnoll hits you from afar with a +0 halberd.
You hit the gnoll.
The gnoll looks as sick as possible!
The gnoll is heavily wounded.
The gnoll completely misses you.
The gnoll hits you from afar with a +0 halberd!
* * * LOW HITPOINT WARNING * * *
It was a potion of cancellation.
Your magical effects are unravelling.
You feel magically purged.
Your magical contamination has completely faded away.
Your transformation has ended.
The gnoll barely misses you. x2
It was a potion of attraction.
You feel attractive to monsters. The gnoll closely misses you. x2
It was a potion of resistance.
You feel protected.
The gnoll hits you from afar with a +0 halberd.
* * * LOW HITPOINT WARNING * * *
The gnoll hits you but does no damage.
It was a potion of flight.
You feel very buoyant.
You fly up into the air.
The gnoll barely misses you. The gnoll hits you with a +0 flail.
* * * LOW HITPOINT WARNING * * *
It was a potion of degeneration.
There was something very wrong with that liquid.
You feel weakened.
You feel dopey.
You feel clumsy.
You kill the gnoll!
The gnoll closely misses you. The gnoll is attracted toward you.
Okay, then.
Okay, then.
You aren't carrying any items that you can evoke.
Okay, then.
Unknown command.
As you read the scroll labelled NUOJEBB JARU, it crumbles to dust.
Magic quickly surges around you.
It was a scroll of vulnerability.
The gnoll hits you with a +0 halberd.
You die...

#..........#.#.#.#
#..........#.#.#.#
............##.#.#.#
..#####.######.#.#.#
#. .........#.#.# #.
...#####.#.#.#
#.####...# #......
#....§...#####†#†#.#
#..@g..........#.#..
#..####..###........
####### #.†# #
#........ .......
#..####..###........
.......
#...................
.......
##..###..###........
....... ##.# ..#
#........ .......
#.###..# #........
....... #..##..#
######...


You could see a gnoll (weak-willed).

Vanquished Creatures
  3 gnolls
  An adder (D:2)
  3 dart slugs
  3 endoplasms (D:1)
  3 giant cockroaches
  5 goblins
  8 hobgoblins
  7 kobolds
  3 quokkas
  6 ball pythons
  3 bats (D:1)
  A frilled lizard (D:2)
  7 rats
53 creatures vanquished.

Notes
Turn   | Place    | Note
-------+----------+-------------------------------------------
     0 | D:1      | kae the Draconian Transmuter began the quest for the Orb.
     0 | D:1      | Reached XP level 1. HP: 16/16 MP: 3/3
   249 | D:1      | Reached XP level 2. HP: 23/23 MP: 3/5
  1195 | D:1      | Reached XP level 3. HP: 28/28 MP: 4/6
  1199 | D:1      | Learned a level 2 spell: Wereblood
  1203 | D:1      | Learned a level 3 spell: Spider Form
  1314 | D:1      | Found a faded altar of an unknown god.
  2021 | D:2      | Reached XP level 4. HP: 29/35 MP: 5/7
  2321 | D:2      | Reached skill level 1 in Poison Magic
  2350 | D:2      | Slain by a gnoll

Illustrated notes

Levels and vault maps discovered:
D:1:      dpeg_arrival_arbitrary_b, layout_basic,
          dreamdust_ecumenical_altar_grove, roderic_roman_lattice,
          chequers_avenue
D:2:      layout_basic, kennysheep_generic_room_3

Skill      XL: |  1  2  3  4 |
---------------+-------------+-----
Transmutations | 3 |  3.5
Poison Magic   | 1 |  1.0
Fighting       | |  1.1
Dodging        | |  1.7
Unarmed Combat | |  3.5
Spellcasting   | |  2.7

Action                   |  1- 3 |  4- 6 || total
-------------------------+-------+-------++-------
Melee: Unarmed           |   106 |    17 ||   123
       Kick              |    17 |     2 ||    19
       Tailslap          |    10 |     1 ||    11
       Punch             |     3 |       ||     3
       Headbutt          |     8 |     4 ||    12
 Cast: Beastly Appendage |    23 |     6 ||    29
       Spider Form       |     1 |     2 ||     3
  Use: Scroll            |     4 |     1 ||     5
       Potion            |       |     5 ||     5
Armor: Skin              |    37 |     5 ||    42
Dodge: Dodged            |    52 |    21 ||    73

Table legend: (Time is in decaauts)
 A = Elapsed time spent in this place.
 B = Non-inter-level travel time spent in this place.
 C = Inter-level travel time spent in this place.
 D = Time resting spent in this place.
 E = Time spent auto-exploring this place.
 F = Levels seen in this place.
 G = Mean time per level.
                   A        B        C        D        E       F      G
               +--------+--------+--------+--------+--------+-----+--------+
         Total |   2343 |   2332 |     11 |    273 |   1690 |   2 | 1171.5 |
       Dungeon |   2343 |   2332 |     11 |    273 |   1690 |   2 | 1171.5 |
               +--------+--------+--------+--------+--------+-----+--------+

Top non-repeatable levels by time:
     D:1: 1661 daAuts
     D:2: 682 daAuts
